 Dungeon Crawl Stone Soup version 0.30-a0-476-g330ca2eb8e (webtiles) character file.

Game seed: 9308304948584755626

337 cforsyth the Digger (level 6, -1/32 HPs)
             Began as a Gargoyle Earth Elementalist on Dec 21, 2022.
             Killed from afar by an orc wizard (7 damage)
             ... with a magic dart
             ... on level 5 of the Dungeon.
             The game lasted 00:04:51 (3100 turns).

cforsyth the Digger (Gargoyle Earth Elementalist)   Turns: 3100, Time: 00:04:51

Health: -1/32      AC:  6    Str: 11    XL:     6   Next: 54%
Magic:  6/11       EV: 12    Int: 18    God:
Gold:   165        SH:  4    Dex: 10    Spells: 11/12 levels left

rFire   . . .      SeeInvis .    (no weapon)
rCold   . . .      Faith    .    i - +0 buckler
rNeg    + . .      Spirit   .    a - +0 robe
rPois   ∞          Reflect  .    (no helmet)
rElec   +          Harm     .    (no cloak)
rCorr   .          Rampage  .    (no gloves)
Will    .....                    (no boots)
Stlth   ++........               (no amulet)
HPRegen 0.25/turn                (no ring)
MPRegen 0.12/turn                (no ring)

@: no status effects
A: sickness immunity, AC +4, negative energy resistance 1, electricity
resistance, torment resistance 1, petrification resistance
a: no special abilities


You were on level 5 of the Dungeon.
You visited 1 branch of the dungeon, and saw 5 of its levels.

You collected 165 gold pieces.

Inventory:

Armour
 a - a +0 robe (worn)
 i - a +0 buckler (worn)
Scrolls
 c - 7 scrolls of identify {unknown}
 d - a scroll of enchant armour {unknown}
 g - 2 scrolls of teleportation {unknown}
 h - 2 scrolls of vulnerability {unknown}
 k - a scroll of fear {unknown}
 l - 2 scrolls of immolation {unknown}
 m - 4 scrolls of poison {unknown}
 n - a scroll of magic mapping {unknown}
 o - a scroll of noise {unknown}
 p - a scroll of amnesia {unknown}
Potions
 b - a potion of might {unknown}
 e - a potion of curing
 f - a potion of heal wounds {unknown}
 j - a potion of cancellation {unknown}


   Skills:
 + Level 3.1 Dodging
 - Level 2.1 Stealth
 + Level 2.6 Shields
 + Level 3.6 Spellcasting
 - Level 0.7 Transmutations
 + Level 5.4 Earth Magic


You had 11 spell levels left.
You knew the following spells:

 Your Spells              Type           Power      Damage    Failure   Level
a - Sandblast             Erth           44%        2d11      2%          1

Your spell library contained the following spells:

 Spells                   Type           Power      Damage    Failure   Level
 Passwall                 Tmut/Erth      11%        N/A       9%          2
 Slow                     Hex            12%        N/A       21%         1
 Stone Arrow              Conj/Erth      26%        3d8       21%         3
 Ignite Poison            Fire/Tmut/Pois 4%         N/A       50%         3
 Petrify                  Tmut/Erth      14%        N/A       50%         4
 Confusing Touch          Hex            3%         N/A       52%         3
 Vampiric Draining        Necr           3%         2d6       52%         3
 Sticky Flame             Conj/Fire      3%         2d3       90%         4
 Irradiate                Conj/Tmut      2%         3d12      99%         5
 Ignition                 Fire           1%         3d3       100%        8
 Sublimation of Blood     Necr           Unusable   N/A       N/A         2

Dungeon Overview and Level Annotations

Branches:
Dungeon (5/15)
 Temple: D:4-7

Altars:
Fedhas

Annotations:
D:4 Duvessa


Innate Abilities, Weirdness & Mutations

You are immune to sickness and miasma.
Your stone body is resilient. (AC +4)
You are immune to poison.
You resist negative energy. (rN+)
You are resistant to electric shocks. (rElec)
You are resistant to unholy torment.
You are immune to petrification.


Message History

Your magical contamination has completely faded away.
Unknown command.
The blast of sand misses the orc wizard.
The orc wizard casts a spell at you.
You are confused.
The orc wizard points at you and mumbles some strange words.
The magic dart hits you.
Unknown command.
You are too injured to fight recklessly!
Unknown command.
You're too confused to move!
The orc wizard misses you.
Unknown command.
You miss the orc wizard.
The orc wizard is heavily wounded.
The orc wizard hits you but does no damage.
Unknown command.
You bump into the rock wall.
The orc wizard closely misses you.
You closely miss the orc wizard.
The orc wizard is heavily wounded.
The orc wizard hits you but does no damage.
You bump into the rock wall.
The orc wizard hits you with a +0 dagger.
You hit the orc wizard.
The orc wizard is heavily wounded.
You feel less confused.
The orc wizard gestures at you while chanting.
The magic dart hits you!
* * * LOW HITPOINT WARNING * * *
You are too injured to fight recklessly!
Unknown command.
Casting: Sandblast (safe; 2% risk of failure)
Confirm with . or Enter, or press ? or * to list all spells.
Aiming: Sandblast (safe; 2% risk of failure)
Press: ? - help, Shift-Dir - straight line, f/p - orc wizard
Aim: an orc wizard, wielding a +0 dagger and wearing a +0 robe (heavily wounded, 79% to hit)
The blast of sand hits the orc wizard.
The orc wizard is heavily wounded.
The orc wizard casts a spell at you. The magic dart hits you!
You die...

....# ....#
....############
...............#
.).###########.#
#### #.# #.# #
#.###.# #.o@).#
#######


You could see an orc wizard.

Vanquished Creatures
  A kobold brigand (D:5)
  Dowan (D:4)
  A howler monkey (D:4)
  A gnoll bouda (D:4)
  An orc wizard (D:5)
  3 gnolls
  4 adders
  A shadow imp (D:5)
  A worm (D:2)
  5 orcs
  5 endoplasms
  A giant cockroach (D:1)
  6 hobgoblins
  4 jackals (D:2)
  4 quokkas
  2 ball pythons
  2 bats
  2 goblins (D:1)
  9 kobolds
  5 rats
59 creatures vanquished.

Vanquished Creatures (others)
  3 plants (D:2)
3 creatures vanquished.

Grand Total: 62 creatures vanquished

Notes
Turn   | Place    | Note
-------+----------+-------------------------------------------
     0 | D:1      | cforsyth the Gargoyle Earth Elementalist began the quest
                  | for the Orb.
     0 | D:1      | Reached XP level 1. HP: 10/10 MP: 3/3
   467 | D:1      | Reached XP level 2. HP: 15/15 MP: 1/5
   883 | D:1      | Reached skill level 4 in Earth Magic
  1031 | D:2      | Reached XP level 3. HP: 19/19 MP: 0/6
  1460 | D:2      | Found a blossoming altar of Fedhas.
  2109 | D:3      | Reached XP level 4. HP: 24/24 MP: 6/8
  2209 | D:3      | You fall into a shaft and drop 2 floors!
  2209 | D:5      | Entered Level 5 of the Dungeon
  2277 | D:5      | Reached skill level 1 in Shields
  2374 | D:4      | Noticed Duvessa
  2425 | D:5      | Reached XP level 5. HP: 28/28 MP: 7/9
  2467 | D:5      | Noticed a yak
  2510 | D:4      | Noticed a kobold brigand
  2517 | D:5      | Killed a kobold brigand
  2518 | D:5      | Reached skill level 5 in Earth Magic
  2678 | D:4      | Noticed Dowan
  2687 | D:4      | Reached XP level 6. HP: 32/32 MP: 5/11
  2692 | D:4      | Killed Dowan
  3100 | D:5      | Killed from afar by an orc wizard

Illustrated notes

Levels and vault maps discovered:
D:1:      dpeg_arrival_simpleton_b, layout_basic
D:2:      layout_basic, basic_altar, corexii_shack, minmay_distorted
D:3:      layout_rooms
D:4:      layout_rooms, grunt_temple_overflow_open,
          chequers_serial_rivers_micro_d, uniq_crazy_yiuf_cottage, uniq_duvessa
D:5:      layout_loops_ring

Skill      XL: |  1  2  3  4  5  6 |
---------------+-------------------+-----
Earth Magic    | 4 5 |  5.4
Dodging        | 2 3 |  3.1
Shields        | 1 2 |  2.6
Spellcasting   | 3 |  3.6
Stealth        | |  2.1
Transmutations | |  0.7

Action                   |  1- 3 |  4- 6 || total
-------------------------+-------+-------++-------
Melee: Unarmed           |     6 |     3 ||     9
 Cast: Sandblast         |    53 |    56 ||   109
  Use: Potion            |       |     1 ||     1
 Stab: Sleeping          |     1 |       ||     1
Armor: Robe              |     6 |     9 ||    15
Dodge: Dodged            |    11 |    20 ||    31
Block: Buckler           |       |     4 ||     4

Table legend: (Time is in decaauts)
 A = Elapsed time spent in this place.
 B = Non-inter-level travel time spent in this place.
 C = Inter-level travel time spent in this place.
 D = Time resting spent in this place.
 E = Time spent auto-exploring this place.
 F = Levels seen in this place.
 G = Mean time per level.
                   A        B        C        D        E       F      G
               +--------+--------+--------+--------+--------+-----+--------+
         Total |   3158 |   3039 |    119 |    574 |   2038 |   5 |  631.6 |
       Dungeon |   3158 |   3039 |    119 |    574 |   2038 |   5 |  631.6 |
               +--------+--------+--------+--------+--------+-----+--------+

Top non-repeatable levels by time:
     D:2: 1081 daAuts
     D:1: 992 daAuts
     D:5: 807 daAuts
     D:3: 161 daAuts
     D:4: 114 daAuts
